 Dungeon Crawl Stone Soup version 0.27-a0-1322-gfdffb62a71 (webtiles) character file.

Game seed: 9500793641406411170

10789 sanka the Nimble (level 11, -15/84 HPs)
             Began as a Djinni Summoner on June 22, 2021.
             Was an Initiate of Makhleb.
             Demolished by a minotaur (22 damage)
             ... in a Gauntlet.
             The game lasted 00:34:05 (18244 turns).

sanka the Nimble (Djinni Summoner)                 Turns: 18244, Time: 00:34:05

Health: -15/84     AC: 14    Str:  7    XL:     11   Next: 99%
Gold:   593        EV: 20    Int: 24    God:    Makhleb [......] SH:  0 Dex: 17

rFire    + + .     SeeInvis .   M - +0 dire flail
rCold    . . .     Faith    .   (shield currently unavailable)
rNeg     . . .     Spirit   .   r - +2 robe {Will+}
rPois    ∞         Reflect  .   Q - +2 helmet {Int+3}
rElec    .         Harm     .   j - +2 cloak
rCorr    .         Rampage  .   (no gloves)
Will     ++...     NoTele   +   (boots unavailable)
Stlth    ++........             (no amulet)
HPRegen  0.24/turn              a - +4 ring of protection
MPRegen  0.00/turn              R - ring "Senti" {rC+ Dex+4}

@: on berserk cooldown, attractive, flying, slowed, very slow
A: sickness immunity, fire resistance 2, cold vulnerability 1, float, innate
caster, hp casting, extra vitality 1
a: Renounce Religion


You were in a Gauntlet.
You worshipped Makhleb.
Makhleb was noncommittal.
You visited 2 branches of the dungeon, and saw 12 of its levels.
You also visited: Gauntlet.

You collected 593 gold pieces.


Innate Abilities, Weirdness & Mutations

You are immune to sickness and miasma.
You are immune to poison.
Your flesh is very heat resistant. (rF++)
You are vulnerable to cold. (rC-)
You float through the air rather than walking.
You learn spells naturally, not from books.
Your magical power is your life essence.
You have superior vitality. (+4 HP)


   Skills:
 + Level 9.0 Fighting
 * Level 13.6 Dodging
 - Level 1.5 Stealth
 - Level 8.0 Spellcasting


You couldn't memorise any spells.
You knew the following spells:

 Your Spells              Type           Power      Damage    Failure   Level
c - Call Canine Familiar  Summ           48%        N/A       1%          3
i - Static Discharge      Conj/Air       48%        N/A       1%          2
o - Teleport Other        Tloc           48%        N/A       1%          3
p - Hailstorm             Conj/Ice       48%        3d11      2%          4
u - Poisonous Vapours     Pois/Air       96%        N/A       1%          2
v - Summon Ice Beast      Ice/Summ       48%        N/A       2%          4
x - Call Imp              Summ           48%        N/A       1%          2
y - Summon Small Mammal   Summ           100%       N/A       1%          1
z - Freeze                Ice            100%       1d11      1%          1
X - Summon Lightning Spi  Summ/Air       48%        N/A       2%          4
Z - Summon Guardian Gole  Hex/Summ       48%        N/A       1%          3
Your spell library was empty.

Inventory:

Hand Weapons
 h - a +4 dagger
 x - a +0 morningstar
 M - a +0 dire flail (weapon)
Missiles
 e - 49 poisoned darts
Armour
 j - a +2 cloak (worn)
 m - the +13 plate armour "Iromick" {-Tele rN+ Str+2 Dex+3}

   It affects your strength (+2).
   It affects your dexterity (+3).
   It protects you from negative energy.
   It prevents most forms of teleportation.
 r - a +2 robe of willpower (worn)
 O - a scarf of shadows
 Q - a +2 helmet of intelligence (worn)
Jewellery
 a - a +4 ring of protection (left hand)
 i - a ring of fire
 y - a +6 ring of dexterity
 F - a ring of fire
 R - the ring "Senti" (right hand) {rC+ Dex+4}

   [ring of protection from cold]

   It affects your dexterity (+4).
   It protects you from cold.
Wands
 D - a wand of charming (6)
 E - a wand of acid (2)
 G - a wand of mindburst (7)
 I - a wand of iceblast (3)
 L - a wand of paralysis (7)
 N - a wand of digging (3)
Scrolls
 b - a scroll of vulnerability {unknown}
 g - 2 scrolls of enchant weapon
 n - a scroll of immolation {!r}
 o - a scroll of holy word {unknown}
 q - a scroll of silence {unknown}
 t - a scroll of torment {unknown}
 u - 6 scrolls of teleportation {@r4}
 w - 2 scrolls of amnesia {unknown}
 z - 2 scrolls of blinking
 C - 2 scrolls of fog {unknown}
 J - a scroll of enchant armour {unknown}
 K - a scroll of brand weapon {unknown}
 P - a scroll of fear {unknown}
Potions
 d - 2 potions of brilliance {unknown}
 f - 3 potions of might
 k - a potion of haste {unknown}
 l - 2 potions of berserk rage {!q}
 p - 3 potions of attraction {!q}
 s - a potion of mutation {unknown}
 v - a potion of ambrosia
 A - a potion of magic {unknown}
 B - 2 potions of curing {@q1}
 H - a potion of degeneration {unknown}
 S - a potion of resistance {unknown}

Dungeon Overview and Level Annotations

Branches:
Dungeon (11/15)            Temple (1/1) D:5            Lair (0/6) D:9
Gauntlet (1/1)
    Orc: D:9-12

Altars:
Ashenzari
Cheibriados
Dithmenos
Elyvilon
Fedhas
Gozag
Hepliaklqana
Kikubaaqudgha
Makhleb
Nemelex Xobeh
Okawaru
Qazlal
Ru
Sif Muna
Trog
Uskayaw
Vehumet
Wu Jian
Xom
Yredelemnul
Zin
The Shining One

Shops:
D:6 *

Annotations:
D:3 2 transporters, Borgoz's ghost, amateur GrBe
D:6 2 transporters, Zardul's ghost, novice TrBe
D:9 2 runed translucent doors Gauntlet 8 transporters, exclusion: oklob plant

.▒▒8.©.8▒▒.▒▒▒▒©▒▒▒▒.▒▒▒▒©^▒.▒..#
.▒8s8.8.8▒.▒...▒...▒.▒..÷▒.▒.▒..▒
.▒s..8.ss▒.▒.▒▒▒▒▒.▒.▒▒..▒.▒.▒..≈
.▒.£[©£Bs▒.▒..h2h[.▒.▒©▒.▒^..▒..▒
.▒▒▒▒▒▒▒▒▒.▒▒▒▒▒▒▒▒▒.▒▒▒▒▒▒▒▒▒..≈
................................▒
.............8.∩.8..............≈
≈▒≈▒≈▒≈▒#▒▒▒▒▒▒▒▒▒▒▒▒▒≈▒#▒#▒≈▒≈▒▒
▒▒▒▒▒▒▒▒▒▒▒....HR...▒▒▒▒▒▒▒▒▒▒▒▒
▒▒...©.©.©...▒▒ ▒.............▒
▒.▒.▒▒▒▒▒▒▒.▒.▒ ▒.▒....▒....▒.▒
▒.▒.▒▒.▒.▒▒.▒.▒ ▒.....YH.YY...▒
▒.▒..▒▒H▒▒.Y▒.▒ ▒.▒..▒8x8▒..▒.▒


You could see a minotaur, a balrug and 2 hell hounds.


Message History

* * * LOW HITPOINT WARNING * * *
The minotaur freezes you.
* * * LOW HITPOINT WARNING * * *
The minotaur misses you.
You feel a strong urge to attack something.
The minotaur hits you with a +5 morningstar of freezing.
* * * LOW HITPOINT WARNING * * *
The minotaur freezes you.
* * * LOW HITPOINT WARNING * * *
The minotaur completely misses you.
There is a transporter landing site here.
Unknown command.
You are no longer berserk.
You are exhausted.
You feel yourself slow down. The minotaur is pulled toward you!
You're too confused to move!
You feel less invigorated.
You feel less confused.
The minotaur hits you with a +5 morningstar of freezing!
* * * LOW HITPOINT WARNING * * *
The minotaur freezes you.
* * * LOW HITPOINT WARNING * * *
The minotaur completely misses you. The minotaur completely misses you.
The minotaur misses you.
You hit the minotaur.
The minotaur is severely wounded.
The minotaur hits you with a +5 morningstar of freezing!!
You die...

Action                   |  1- 3 |  4- 6 |  7- 9 | 10-12 || total
-------------------------+-------+-------+-------+-------++-------
Melee: Unarmed           |    35 |       |       |       ||    35
       Dagger            |     3 |    43 |     3 |       ||    49
       Morningstar       |       |       |    45 |    28 ||    73
       Dire flail        |       |       |       |    14 ||    14
 Cast: Summon Small Mamm |    62 |       |       |       ||    62
       Freeze            |    13 |    61 |    81 |    72 ||   227
       Call Imp          |     6 |     2 |     6 |       ||    14
       Poisonous Vapours |       |    11 |    21 |    55 ||    87
       Call Canine Famil |       |     2 |     2 |     2 ||     6
       Summon Ice Beast  |       |     1 |     8 |    26 ||    35
       Static Discharge  |       |       |    21 |    76 ||    97
       Summon Lightning  |       |       |       |     1 ||     1
Evoke: Wand              |       |       |       |    15 ||    15
  Use: Scroll            |       |       |     4 |     1 ||     5
       Potion            |       |       |       |     9 ||     9
 Stab: Sleeping          |       |       |     1 |       ||     1
Armor: Robe              |    16 |    52 |    73 |    76 ||   217
       Skin              |       |     1 |       |       ||     1
Dodge: Dodged            |    54 |    78 |    74 |   204 ||   410

Levels and vault maps discovered:
D:1:      wander_arrival_chamber, layout_basic, ebering_ecumenical_altar_mist
D:2:      layout_rooms
D:3:      layout_basic, gammafunk_ghost_mausoleum
D:4:      layout_cave_pools, minmay_starry_boxes
D:5:      layout_cave_pools, nzn_overflow_gifts_of_might_and_magic,
          minmay_temple_entry_butterflies, serial_glass, glass_columns_b,
          glass_columns_c, glass_columns_a, glass_columns_a, glass_columns_c,
          glass_columns_a, glass_columns_a, glass_columns_a, glass_columns_a,
          glass_columns_a, glass_columns_a, glass_columns_a, glass_columns_a,
          glass_columns_a, st_stairs_14
D:6:      layout_loops_ring, grunt_temple_overflow_open, serial_shops, shop,
          gammafunk_ghost_hive
D:7:      layout_basic, nicolae_qazlal_style_of_elements, uniq_maggie,
          uniq_menkaure, uniq_pikel
D:8:      layout_basic, lemuel_crystal_altar, uniq_joseph
D:9:      layout_gridville, kennysheep_mini, minmay_lair_entry_lava,
          minmay_guarded_unrand_resistance
D:10:     layout_basic, regret_index_temple_of_mockery
D:11:     layout_loops_ring, david_orc_2, gauntlet_entry_generic, uniq_nergalle
Temple:   jpeg_temple_island
Gauntlet: gammafunk_gauntlet_mixed_choke_point
          [minmay_gauntlet_arena_77_double_cross, minmay_gauntlet_arena_77_fan,
          minmay_gauntlet_arena_77_box, gammafunk_gauntlet_arena_chambers,
          minmay_gauntlet_arena_77_terracotta_army,
          minmay_gauntlet_arena_77_two_paths,
          minmay_gauntlet_arena_77_radiant_squares,
          nicolae_gauntlet_exit_dead_adventurers]

Notes
Turn   | Place    | Note
-------+----------+-------------------------------------------
     0 | D:1      | sanka the Djinni Summoner began the quest for the Orb.
     0 | D:1      | Reached XP level 1. HP: 15/15 MP: 0/0
   107 | D:1      | Reached XP level 2. HP: 6/21 MP: 0/0
   399 | D:1      | Found a faded altar of an unknown god.
  1761 | D:2      | Reached XP level 3. HP: 15/25 MP: 0/0
  1761 | D:2      | Learned a level 1 spell: Freeze
  2008 | D:2      | Reached skill level 4 in Spellcasting
  3035 | D:3      | Reached XP level 4. HP: 17/31 MP: 0/0
  3261 | D:3      | Found a transporter.
  3262 | D:3      | Noticed Borgoz's ghost (amateur GrBe)
  3417 | D:3      | Reached XP level 5. HP: 33/35 MP: 0/0
  3417 | D:3      | Learned a level 2 spell: Poisonous Vapours
  3616 | D:3      | Found a transporter.
  4139 | D:3      | Reached skill level 5 in Spellcasting
  4533 | D:4      | Identified the +13 plate armour "Iromick" {-Tele rN+ Str+2
                  | Dex+3}
  4633 | D:4      | Reached XP level 6. HP: 36/40 MP: 0/0
  5139 | D:4      | Reached skill level 6 in Spellcasting
  5641 | D:5      | Entered Level 5 of the Dungeon
  5725 | D:5      | Noticed an ice beast
  5754 | D:5      | Killed an ice beast
  5755 | D:5      | Reached XP level 7. HP: 41/45 MP: 0/0
  5755 | D:5      | Learned a level 2 spell: Static Discharge
  6548 | D:5      | Reached skill level 7 in Spellcasting
  6650 | D:5      | Found a staircase to the Ecumenical Temple.
  6667 | D:5      | Reached XP level 8. HP: 47/50 MP: 0/0
  6696 | D:5      | Found a bloodstained altar of Trog.
  6965 | Temple   | Entered the Ecumenical Temple
  7610 | D:6      | Found a transporter.
  7615 | D:6      | Found a transporter.
  7615 | D:6      | Noticed Zardul's ghost (novice TrBe)
  7615 | D:6      | Noticed a hornet
  7720 | D:6      | Found a blossoming altar of Fedhas.
  7720 | D:6      | Found a glowing silver altar of Zin.
  7721 | D:6      | Found a glowing golden altar of the Shining One.
  7730 | D:6      | Reached skill level 8 in Spellcasting
  7819 | D:6      | Found a hide-covered altar of Uskayaw.
  7827 | D:6      | Found an opulent altar of Gozag.
  7960 | D:6      | Reached skill level 1 in Fighting
  7960 | D:6      | Reached skill level 3 in Dodging
  8396 | D:6      | Reached skill level 4 in Dodging
  8599 | D:6      | Reached skill level 2 in Fighting
  8599 | D:6      | Reached XP level 9. HP: 43/58 MP: 0/0
  8599 | D:6      | Learned a level 3 spell: Teleport Other
  8683 | D:6      | Reached skill level 5 in Dodging
  8760 | D:6      | Found Zimobrabu's Assorted Antiques.
  9261 | D:7      | Reached skill level 3 in Fighting
  9388 | D:7      | Noticed Pikel
  9411 | D:7      | Killed Pikel
  9412 | D:7      | Reached skill level 4 in Fighting
  9412 | D:7      | Reached skill level 6 in Dodging
  9561 | D:7      | Found a stormy altar of Qazlal.
  9578 | D:7      | Reached skill level 7 in Dodging
  9880 | D:7      | Noticed Menkaure
  9887 | D:7      | Killed Menkaure
 10260 | D:7      | Identified +0 swamp dragon scales
 10260 | D:7      | Noticed Maggie
 10273 | D:7      | Killed Maggie
 10274 | D:7      | Reached skill level 8 in Dodging
 10397 | D:7      | Reached skill level 5 in Fighting
 10397 | D:7      | Reached XP level 10. HP: 63/70 MP: 0/0
 10836 | D:7      | Reached skill level 9 in Dodging
 11444 | D:8      | Reached skill level 6 in Fighting
 11448 | D:8      | Noticed a fire crab
 11448 | D:8      | a meliai changed into a fire crab
 11457 | D:8      | Killed a fire crab
 11458 | D:8      | Reached skill level 10 in Dodging
 11825 | D:8      | Noticed Joseph
 12037 | D:8      | Killed Joseph
 12519 | D:9      | Noticed a kobold demonologist
 12525 | D:9      | Noticed an ice devil
 12539 | D:9      | Killed a kobold demonologist
 12885 | D:9      | Found a runed translucent door.
 12886 | D:9      | Noticed an ice dragon
 12895 | D:9      | Noticed a fire dragon
 12897 | D:9      | Noticed a fire dragon
 12898 | D:9      | Noticed an ice dragon
 12900 | D:9      | Found the +2 shield of Resistance {rF++ rC++ Will++}
 12930 | D:9      | Found a runed translucent door.
 12958 | D:9      | Reached skill level 11 in Dodging
 13212 | D:9      | Found a staircase to the Lair.
 13213 | D:9      | Noticed a fire dragon
 13225 | D:9      | Killed a fire dragon
 13225 | D:9      | Identified +0 fire dragon scales
 13226 | D:9      | Reached skill level 7 in Fighting
 13226 | D:9      | Reached XP level 11. HP: 54/79 MP: 0/0
 13226 | D:9      | Learned a level 4 spell: Hailstorm
 13715 | D:9      | Noticed a two-headed ogre
 13762 | D:9      | Killed a two-headed ogre
 13763 | D:9      | Reached skill level 12 in Dodging
 14042 | D:9      | Noticed a cyclops
 14062 | D:9      | Killed a cyclops
 14063 | D:9      | Reached skill level 8 in Fighting
 14404 | D:9      | Found a burning altar of Makhleb.
 14430 | D:9      | Became a worshipper of Makhleb the Destroyer
 14733 | D:10     | Entered Level 10 of the Dungeon
 15077 | D:10     | HP: 8/81 [/static electricity (3)]
 16205 | D:10     | Reached skill level 13 in Dodging
 16832 | D:10     | Found a shimmering altar of Xom.
 16833 | D:10     | Found a hazy altar of Hepliaklqana.
 17019 | D:11     | Found a gate leading to a gauntlet.
 17025 | D:11     | Noticed an eight-headed hydra
 17039 | Gauntlet | Entered a Gauntlet
 17039 | Gauntlet | Found a transporter.
 17039 | Gauntlet | Found a transporter.
 17039 | Gauntlet | Noticed a catoblepas
 17172 | Gauntlet | Found a transporter.
 17191 | Gauntlet | Found a transporter.
 17207 | Gauntlet | Noticed a mana viper
 17208 | Gauntlet | Found a transporter.
 17208 | Gauntlet | Found a transporter.
 17208 | Gauntlet | Noticed an alligator
 17208 | Gauntlet | Noticed an anaconda
 17208 | Gauntlet | an alligator changed into an anaconda
 17209 | Gauntlet | Noticed a bunyip
 17209 | Gauntlet | an anaconda changed into a bunyip
 17210 | Gauntlet | Found a transporter.
 17210 | Gauntlet | Found a transporter.
 17210 | Gauntlet | Noticed an entropy weaver
 17210 | Gauntlet | a bunyip changed into an entropy weaver
 17211 | Gauntlet | Found a transporter.
 17211 | Gauntlet | Noticed a satyr
 17211 | Gauntlet | an entropy weaver changed into a satyr
 17212 | Gauntlet | Noticed a hell beast
 17214 | Gauntlet | Noticed a great orb of eyes
 17214 | Gauntlet | a satyr changed into a great orb of eyes
 17216 | Gauntlet | Noticed an entropy weaver
 17216 | Gauntlet | a great orb of eyes changed into an entropy weaver
 17236 | Gauntlet | Found a transporter.
 17244 | Gauntlet | Found a transporter.
 17245 | Gauntlet | Noticed a balrug
 17254 | Gauntlet | Found a transporter.
 17254 | Gauntlet | Noticed a wolf spider
 17258 | Gauntlet | Noticed an entropy weaver
 17271 | Gauntlet | Found a transporter.
 17289 | Gauntlet | Noticed an elephant
 17291 | Gauntlet | Found a transporter.
 17291 | Gauntlet | Noticed an oklob plant
 17365 | Gauntlet | Noticed a storm dragon
 17368 | Gauntlet | Noticed a bunyip
 17368 | Gauntlet | a storm dragon changed into a bunyip
 17369 | Gauntlet | a bunyip changed into a slime creature
 17369 | Gauntlet | Noticed a faun
 17369 | Gauntlet | a snapping turtle changed into a faun
 17380 | Gauntlet | Killed a catoblepas
 17387 | Gauntlet | Noticed a faun
 17387 | Gauntlet | a torpor snail changed into a faun
 17418 | Gauntlet | Noticed a moth of wrath
 17418 | Gauntlet | a faun changed into a moth of wrath
 17421 | Gauntlet | a moth of wrath changed into an eye of devastation
 17425 | Gauntlet | Noticed a glowing orange brain
 17425 | Gauntlet | an eye of devastation changed into a glowing orange brain
 17426 | Gauntlet | Noticed a two-headed ogre
 17426 | Gauntlet | a glowing orange brain changed into a two-headed ogre
 17428 | Gauntlet | Noticed a sea snake
 17428 | Gauntlet | a two-headed ogre changed into a sea snake
 17428 | Gauntlet | Noticed a lindwurm
 17428 | Gauntlet | a faun changed into a lindwurm
 17431 | Gauntlet | Noticed a two-headed ogre
 17431 | Gauntlet | a sea snake changed into a two-headed ogre
 17436 | Gauntlet | a two-headed ogre changed into a torpor snail
 17438 | Gauntlet | Noticed a shock serpent
 17438 | Gauntlet | a torpor snail changed into a shock serpent
 17441 | Gauntlet | Noticed a cyclops
 17441 | Gauntlet | a lindwurm changed into a cyclops
 17445 | Gauntlet | a shock serpent changed into a redback
 17455 | Gauntlet | Noticed a sea snake
 17455 | Gauntlet | a redback changed into a sea snake
 17456 | Gauntlet | Noticed a deep troll
 17456 | Gauntlet | a sea snake changed into a deep troll
 17462 | Gauntlet | a deep troll changed into a swamp worm
 17463 | Gauntlet | Noticed a shining eye
 17463 | Gauntlet | a swamp worm changed into a shining eye
 17467 | Gauntlet | Noticed a moth of wrath
 17467 | Gauntlet | a shining eye changed into a moth of wrath
 17468 | Gauntlet | Noticed an elephant
 17468 | Gauntlet | a moth of wrath changed into an elephant
 17471 | Gauntlet | Noticed a glowing orange brain
 17471 | Gauntlet | an elephant changed into a glowing orange brain
 17478 | Gauntlet | a glowing orange brain changed into a floating eye
 17489 | Gauntlet | Noticed a mana viper
 17489 | Gauntlet | a komodo dragon changed into a mana viper
 17493 | Gauntlet | a mana viper changed into a floating eye
 17516 | Gauntlet | Noticed a mana viper
 17516 | Gauntlet | a redback changed into a mana viper
 17518 | Gauntlet | a mana viper changed into a redback
 17520 | Gauntlet | Noticed a glowing orange brain
 17520 | Gauntlet | an eye of devastation changed into a glowing orange brain
 17522 | Gauntlet | Killed a glowing orange brain
 17525 | Gauntlet | Killed a cyclops
 17679 | Gauntlet | Identified the ring "Senti" {rC+ Dex+4}
 17694 | Gauntlet | Killed a hell beast
 17695 | Gauntlet | Reached skill level 9 in Fighting
 17695 | Gauntlet | Reached * piety under Makhleb
 17951 | Gauntlet | Identified +2 ice dragon scales
 17951 | Gauntlet | Identified the ring "Gunepn" {rC++ rN+ Str+2 Int+3 SInv}
 17951 | Gauntlet | Noticed a minotaur
 17959 | Gauntlet | Noticed an elephant
 17959 | Gauntlet | Noticed an elephant
 17959 | Gauntlet | Noticed an elephant
 17975 | Gauntlet | Noticed a moth of wrath
 18243 | Gauntlet | HP: 6/84 [minotaur (6)]
 18244 | Gauntlet | Demolished by a minotaur

Vanquished Creatures
  A fire dragon (D:9)
  A hell beast (Gauntlet)
  A two-headed ogre (D:9)
  A fire crab (shapeshifter) (D:8)
  A glowing orange brain (shapeshifter) (Gauntlet)
  Pikel (D:7)
  A cyclops (D:9)
  A cyclops (shapeshifter) (Gauntlet)
  Joseph (D:8)
  Maggie (D:7)
  A kobold demonologist (D:9)
  An unseen horror (D:10)
  3 trolls
  A wraith (D:8)
  6 yaks (D:10)
  An acid dragon (D:10)
  2 water moccasins (D:7)
  An orc warrior (D:5)
  5 sky beasts
  A black bear (D:6)
  2 necrophages
  An ogre (D:7)
  A phantom (D:6)
  A centaur (D:8)
  3 bullfrogs
  A gnoll sergeant (D:10)
  A wyvern skeleton (D:7)
  10 killer bees
  5 wights (D:9)
  4 howler monkeys
  2 centaur zombies (D:9)
  A bullfrog zombie (D:6)
  A gnoll shaman (D:6)
  5 hounds
  A jelly (D:6)
  6 orc priests
  A centaur skeleton (D:4)
  2 bullfrog skeletons
  2 iguanas
  7 orc wizards
  A scorpion zombie (D:5)
  A killer bee zombie (D:8)
  3 howler monkey zombies
  9 gnolls
  4 adders
  A shadow imp (D:8)
  4 ufetubi
  An adder zombie (D:5)
  An adder skeleton (D:4)
  18 orcs
  3 endoplasms
  A giant cockroach (D:3)
  6 hobgoblins
  3 jackals (D:3)
  4 kobolds
  A quokka (D:4)
  A ball python (D:3)
  3 bats
  2 frilled lizards
  7 goblins
  2 rats
165 creatures vanquished.

Vanquished Creatures (collateral kills)
  A catoblepas (Gauntlet)
  Menkaure (D:7)
  A hell hound (Gauntlet)
  2 ice beasts
  A necrophage (D:5)
  2 phantoms
  A lemure (D:7)
  A scorpion (shapeshifter) (Gauntlet)
  A scorpion (D:5)
  A gnoll (D:1)
  2 adders (D:2)
  A white imp (D:5)
  2 dart slugs
  3 endoplasms
  2 giant cockroaches
  5 goblins (D:1)
  A hobgoblin (D:1)
  2 jackals (D:2)
  A quokka (D:2)
  A ball python (D:1)
  A bat (D:1)
  2 frilled lizards (D:1)
  5 kobolds
40 creatures vanquished.

Vanquished Creatures (others)
  A demonic plant (Gauntlet)
1 creature vanquished.

Grand Total: 206 creatures vanquished
